 Dungeon Crawl Stone Soup version 0.23.2-30-g0e89c35649 (webtiles) character file.

Game seed: 10014591309887873795

124 mahrnol the Sneak (level 5, -4/34 HPs)
             Began as a Halfling Assassin on June 15, 2019.
             Killed by nerve-wracking pain
             ... invoked by an orc priest
              (7 damage)
             ... on level 3 of the Dungeon on June 16, 2019.
             The game lasted 00:15:35 (2509 turns).

mahrnol the Sneak (Halfling Assassin)               Turns: 2509, Time: 00:15:36

Health: -4/34      AC:  3    Str: 12    XL:     5   Next: 30%
Magic:  5/5        EV: 15    Int:  9    God:
Gold:   84         SH:  0    Dex: 17    Spells: 4/4 levels left

rFire    + . .     SeeInvis .   a - +2 dagger
rCold    . . .     Gourm    .   (shield restricted)
rNeg     . . .     Faith    .   c - +0 robe
rPois    .         Spirit   .   (no helmet)
rElec    .         Reflect  .   d - +0 cloak
rCorr    .         Harm     .   (no gloves)
MR       .....                  (no boots)
Stlth    +++.......             (no amulet)
HPRegen  0.11/turn              m - ring of fire
MPRegen  0.09/turn              s - ring of protection from cold

@: no status effects
A: small, mutation resistance 1
a: no special abilities


You were on level 3 of the Dungeon.
You were not hungry.

You visited 1 branch of the dungeon, and saw 3 of its levels.

You collected 84 gold pieces.

Inventory:

Hand Weapons
 a - a +2 dagger (weapon)
 b - a +0 blowgun
 w - a +0 hunting sling
Missiles
 e - 24 poisoned needles
 f - 2 curare-tipped needles
 C - 18 sling bullets
Armour
 c - a +0 robe (worn)
 d - a +0 cloak (worn)
Jewellery
 m - a ring of fire (left hand)
 s - a ring of protection from cold (right hand)
 y - an uncursed amulet of regeneration {unknown}
Scrolls
 h - 2 scrolls of immolation {unknown}
 i - 4 scrolls of remove curse {unknown}
 k - a scroll of enchant weapon {unknown}
 l - a scroll of identify {unknown}
 p - a scroll of random uselessness {unknown}
 r - 2 scrolls of amnesia {unknown}
 v - 2 scrolls of enchant armour {unknown}
 x - a scroll of blinking {unknown}
 B - a scroll of magic mapping {unknown}
Potions
 n - 2 potions of mutation {unknown}
 o - a potion of curing {unknown}
 q - a potion of resistance {unknown}
 t - a potion of might {unknown}
 u - 2 potions of magic {unknown}
 z - a potion of agility {unknown}
 A - a potion of lignification {unknown}
Comestibles
 g - 8 rations
 j - a chunk of flesh


   Skills:
 + Level 2.2 Fighting
 + Level 3.2 Short Blades
 * Level 2.2 Throwing
 + Level 2.1 Dodging
 + Level 6.0 Stealth


You had 4 spell levels left.
You didn't know any spells.
Your spell library was empty.

Dungeon Overview and Level Annotations

Branches:
Dungeon (3/15)

Altars:
Xom

Annotations:
D:2 Jessica


Innate Abilities, Weirdness & Mutations

You are small and have problems with some larger weapons.
You are somewhat resistant to further mutation.


Message History

You kill the rat!
No target in view! 3 orc priests come into view.
Found 20 stones.
You see here a rat corpse.
You butcher the rat corpse.
Things that are here:
a chunk of flesh; a rat skeleton The orc priest mumbles some strange prayers to Beogh against you.
Beogh smites you!
You hear a shout! x2
The orc priest calls down the wrath of Beogh upon you.
Pain shoots through your body!
The orc priest calls down the wrath of Beogh upon you.
Beogh smites you!
* * * LOW HITPOINT WARNING * * *
A worm comes into view.
The orc priest mumbles some strange prayers to Beogh against you.
Pain shoots through your body!
You die...

#######..######.#
#.........# #..######.#
#÷........### #.#######....
#.# #.### ######### #.# #.#
....w...#####.## ###.###
#..@......# #......
####..####...## #.#.##.
#.............# #.#.##.
#.##..##.#...####.#....
#.##..##.....÷....#.##.
#.###.##o........######.##.
#.........#####.## #....
#####.##### ##+# #....
###...# ##...## #...#


You could see a worm (sleeping) and an orc priest.

Vanquished Creatures
  5 adders
  2 oozes
  A worm (D:2)
  4 dart slugs
  A leopard gecko (D:3)
  An orc (D:3)
  6 bats
  2 giant cockroaches (D:3)
  7 goblins
  9 hobgoblins
  4 jackals
  5 kobolds
  A quokka (D:3)
  A ball python (D:3)
  3 frilled lizards
  6 rats
58 creatures vanquished.

Notes
Turn   | Place    | Note
-------+----------+-------------------------------------------
     0 | D:1      | mahrnol the Halfling Assassin began the quest for the Orb.
     0 | D:1      | Reached XP level 1. HP: 14/14 MP: 1/1
   255 | D:1      | Reached XP level 2. HP: 12/19 MP: 2/2
   407 | D:1      | Reached skill level 5 in Stealth
   407 | D:1      | Reached XP level 3. HP: 24/24 MP: 3/3
   751 | D:1      | Found a shattered altar of Ashenzari.
   753 | D:1      | Found a shimmering altar of Xom.
   753 | D:1      | Found a shattered altar of Ashenzari.
   761 | D:1      | Found a shadowy altar of Dithmenos.
   761 | D:1      | Found a glowing silver altar of Zin.
   761 | D:1      | Found a deep blue altar of Sif Muna.
  1224 | D:2      | Reached XP level 4. HP: 17/29 MP: 4/4
  1724 | D:2      | Noticed Jessica
  2033 | D:3      | Reached XP level 5. HP: 34/34 MP: 5/5
  2046 | D:3      | Reached skill level 6 in Stealth
  2509 | D:3      | Killed from afar by an orc priest

Skill      XL: |  1  2  3  4  5 |
---------------+----------------+-----
Fighting       | 2 |  2.2
Stealth        | 5 6 |  6.0
Short Blades   | 3 |  3.2
Dodging        | 2 |  2.1
Throwing       | |  2.2

Action                   |  1- 3 |  4- 6 || total
-------------------------+-------+-------++-------
Melee: Dagger            |   104 |    88 ||   192
 Stab: Sleeping          |     6 |    11 ||    17
  Eat: Chunk             |     1 |     4 ||     5
Armor: Robe              |    27 |    10 ||    37
Dodge: Dodged            |    68 |    45 ||   113
